 Seeded DCSS version 0.29-a0-676-ga64570c9d2 (webtiles) character file.

Game seed: 11281427841516483749 (custom seed)

45 zeratav the Shooter (level 3, -2/21 HPs)
             Began as a Tengu Hunter on June 24, 2022.
             Slain by Jessica
             ... wielding a +0 club
              (5 damage)
             ... on level 2 of the Dungeon.
             The game lasted 00:02:04 (1304 turns).

zeratav the Shooter (Tengu Hunter)                  Turns: 1304, Time: 00:02:05

Health: -2/21      AC:  3    Str: 11    XL:     3   Next: 64%
Magic:  4/4        EV: 12    Int:  9    God:
Gold:   37         SH:  0    Dex: 19    Spells: 2/2 levels left

rFire   . . .      SeeInvis .   a - +1 shortbow {bow}
rCold   . . .      Faith    .   (shield currently unavailable)
rNeg    . . .      Spirit   .   b - +0 leather armour
rPois   .          Reflect  .   (helmet restricted)
rElec   .          Harm     .   (no cloak)
rCorr   .          Rampage  .   (no gloves)
Will    .....                   (boots unavailable)
Stlth   +++.......              (no amulet)
HPRegen 0.07/turn               (no ring)
MPRegen 0.09/turn               (no ring)

@: no status effects
A: beak, talons 3
a: no special abilities


You were on level 2 of the Dungeon.
You visited 1 branch of the dungeon, and saw 3 of its levels.

You collected 37 gold pieces.


Innate Abilities, Weirdness & Mutations

You have a beak for a mouth.
You have claws for feet.


   Skills:
 - Level 2.0 Fighting
 - Level 4.3 Bows
 - Level 2.1 Dodging
 + Level 3.7 Stealth


You had 2 spell levels left.
You didn't know any spells.
Your spell library contained the following spells:

 Spells                   Type           Power      Damage    Failure   Level
 Freeze                   Ice            0%         1d3       47%         1
 Static Discharge         Conj/Air       0%         N/A       63%         2
 Frozen Ramparts          Ice            0%         1d2       85%         3
 Hailstorm                Conj/Ice       0%         3d3       99%         4
 Lightning Bolt           Conj/Air       0%         1d11      100%        5
 Maxwell's Capacitive Co  Air            0%         ∞         100%        8

Inventory:

Hand Weapons
 a - a +1 shortbow (weapon) {bow}
Armour
 b - a +0 leather armour (worn)
Scrolls
 c - a scroll of immolation {!r!r}
 d - a scroll of identify {unknown}
 e - a scroll of magic mapping {unknown}
 g - a scroll of enchant armour {unknown}
 i - a scroll of fear {unknown}
Potions
 f - 2 potions of mutation {unknown}
 h - a potion of curing {unknown}

Dungeon Overview and Level Annotations

Branches:
Dungeon (3/15) Zot: 16668

Altars:

Annotations:
D:2 Jessica

#....# #........
#.#######...#
##..#....
#......##...#
#..)).#.
######.####.#
#..####.
#.####.#####..####.
#..................
##.###......#.#####
#.# #.####.#.# #@#
#.# #.#.# #@#
#.####.#.##### #.#
#............) #.#
#..###........
........####.#####
#.# ..#......# #.#
..#...##.# .).
###....# #...####


You could see Jessica (fast).


Message History

The jackal bites you but does no damage.
The jackal closely misses you.
The jackal bites you but does no damage.
HP[-1]
You take 1 damage, and now have 20/21 hp.
You shoot an arrow. The arrow closely misses the jackal.
The jackal bites you but does no damage. x3
You shoot an arrow.
The arrow hits the jackal but does no damage.
The jackal closely misses you. The jackal barely misses you. x2
The jackal bites you but does no damage.
You shoot an arrow. The arrow completely misses the jackal.
The jackal barely misses you. The jackal completely misses you.
The jackal closely misses you. The jackal misses you.
You shoot an arrow. The arrow hits the jackal!
You kill the jackal!
The jackal misses you.
You shoot an arrow. The arrow hits the jackal!
You kill the jackal!
No target in view!
No target in view!
HP[+1]
Your hp is fully restored (21).
Things that are here:
a +0 dagger {short}; 2 stones {throwing}
Found a stone staircase leading down.
There is a stone staircase leading down here.
There is a stone staircase leading down here.
You climb downwards.
There is a stone staircase leading up here.
You pick up a book of Frost and begin reading...
You add the spells Freeze, Frozen Ramparts and Hailstorm to your library.
A ball python and 2 orcs come into view.
The orc shouts! x2; The ball python hisses angrily.
You hear an angry hiss.
An orc comes into view. It is wielding a +0 short sword.
An orc comes into view. It is wielding a +0 flail.
The ball python barely misses you. The ball python grabs you.
The ball python constricts you. The ball python barely misses you.
The ball python constricts you.
HP[-1]
You take 1 damage, and now have 20/21 hp.
You escape the ball python's grasp.
The ball python attacks as you move away!
The ball python bites you but does no damage.
The ball python barely misses you.
You shoot an arrow. The arrow hits the ball python.
You kill the ball python!
You shoot an arrow. The arrow hits the orc.
HP[+1]
Your hp is fully restored (21).
You shoot an arrow. The arrow hits the orc.
You kill the orc!
You shoot an arrow. The orc shouts!
The arrow hits the orc.
The orc barely misses you.
You shoot an arrow. The arrow hits the orc.
You kill the orc!
You shoot an arrow. The arrow hits the orc.
You kill the orc!
No target in view!
No target in view!
No target in view!
There is a stone staircase leading up here.
You shoot an arrow. The arrow hits the orc!
You kill the orc!
No target in view!
No target in view!
No target in view!
You can't go down here!
You climb upwards.
There is a stone staircase leading down here.
You see here a +0 pair of boots.
You see here a jackal skeleton.
i - a scroll labelled QISIF WIMACU A kobold comes into view.
It is wielding a +0 club.
You shoot an arrow. The arrow hits the kobold.
You kill the kobold!
Jessica the Apprentice Sorceress comes into view.
She is wielding a +0 club.
You shoot an arrow. The arrow hits Jessica!
Jessica gestures wildly while chanting.
Jessica seems to speed up.
You shoot an arrow. The arrow barely misses Jessica.
You shoot an arrow. The arrow hits Jessica.
Jessica gestures at you while chanting. Pain shoots through your body!
Jessica hits you with a +0 club.
* * * LOW HITPOINT WARNING * * *
HP[-12]
You take 12 damage, and now have 9/21 hp.
MASSIVE DAMAGE!! (PAUSE)
You are too injured to fight recklessly!
You are too injured to fight recklessly!
You are too injured to fight recklessly!
Shoot: a) +1 shortbow {bow}
Press: ? - help, Q - select action Shift-Dir - straight line, f/p - Jessica
Aim: Jessica, wielding a +0 club and wearing a +0 robe (almost dead, fast, 65% to hit)
You shoot an arrow. The arrow completely misses Jessica.
Jessica hits you with a +0 club.
* * * LOW HITPOINT WARNING * * *
Jessica hits you with a +0 club.
You die...

Skill      XL: |  1  2 |
---------------+-------+-----
Stealth        | 2 3 |  3.7
Fighting       | |  2.0
Bows           | |  4.3
Dodging        | |  2.1

Action                   || total
-------------------------++-------
 Fire: Shortbow          ||    79
Armor: Leather armour    ||    11
Dodge: Dodged            ||    24

Levels and vault maps discovered:
D:1:      nzn_arrival_crosshair, layout_basic,
          dilly_ecumenical_altar_fadedgnrine
D:2:      layout_loops_ring, serial_shops, nicolae_shop_hallway_stairs,
          uniq_jessica
D:3:      layout_basic

Notes
Turn   | Place    | Note
-------+----------+-------------------------------------------
     0 | D:1      | zeratav the Tengu Hunter began the quest for the Orb.
     0 | D:1      | Reached XP level 1. HP: 12/12 MP: 2/2
     0 | D:1      | magus.rc [v1.9.6]
   288 | D:1      | Reached skill level 2 in Stealth
   320 | D:1      | Reached XP level 2. HP: 17/17 MP: 3/3
   610 | D:1      | Found a faded altar of an unknown god.
   961 | D:2      | Reached skill level 3 in Stealth
  1008 | D:2      | Reached XP level 3. HP: 21/21 MP: 4/4
  1096 | D:2      | You pick up a book of Lightning and begin reading...
  1096 | D:2      | You add the spells Static Discharge, Lightning Bolt and
                  | Maxwell's Capacitive Coupling to your library.
  1185 | D:3      | You pick up a book of Frost and begin reading...
  1185 | D:3      | You add the spells Freeze, Frozen Ramparts and Hailstorm to
                  | your library.
  1300 | D:2      | Noticed Jessica
  1304 | D:2      | HP: 3/21 [Jessica/+0 club (6)]
  1304 | D:2      | Slain by Jessica

Vanquished Creatures
  4 orcs (D:3)
  3 ball pythons
  An endoplasm (D:1)
  A giant cockroach (D:2)
  2 goblins
  4 jackals (D:2)
  6 quokkas
  3 bats
  2 frilled lizards
  8 kobolds
34 creatures vanquished.

Vanquished Creatures (others)
  4 plants (D:1)
4 creatures vanquished.

Grand Total: 38 creatures vanquished

Table legend:
 A = Non-vault XP
 B = Vault XP
 C = Vault XP percentage of total XP
 D = Non-vault monster count
 E = Vault monster count
 F = Vault count percentage of total count
                 A         B        C        D         E       F
            +---------+---------+-------+---------+---------+-------
      Total |      65 |       0 |   0.0 |      34 |       0 |   0.0
            +---------+---------+-------+---------+---------+-------
        D:1 |      19 |       0 |   0.0 |      12 |       0 |   0.0
        D:2 |      32 |       0 |   0.0 |      17 |       0 |   0.0
        D:3 |      14 |       0 |   0.0 |       5 |       0 |   0.0
            +---------+---------+-------+---------+---------+-------

Illustrated notes

Table legend:
 A = Kills in this place as a percentage of kills in entire the game.
 B = Kills by you in this place as a percentage of kills by you in the entire game.
 C = Kills by friends in this place as a percentage of kills by friends in the entire game.
 D = Other kills in this place as a percentage of other kills in the entire game.
 E = Experience gained in this place as a percentage of experience gained in the entire game.
 F = Experience gained in this place divided by the number of levels of this place that you have seen.
                   A       B       C       D       E      F
               +-------+-------+-------+-------+-------+----------------------
         Total | 100.0 | 100.0 |   N/A |   N/A | 100.0 |  21.7
       Dungeon | 100.0 | 100.0 |   N/A |   N/A | 100.0 |  21.7
               +-------+-------+-------+-------+-------+----------------------

Table legend: (Time is in decaauts)
 A = Elapsed time spent in this place.
 B = Non-inter-level travel time spent in this place.
 C = Inter-level travel time spent in this place.
 D = Time resting spent in this place.
 E = Time spent auto-exploring this place.
 F = Levels seen in this place.
 G = Mean time per level.
                   A        B        C        D        E       F      G
               +--------+--------+--------+--------+--------+-----+--------+
         Total |   1330 |   1314 |     16 |      0 |   1076 |   3 |  443.3 |
       Dungeon |   1330 |   1314 |     16 |      0 |   1076 |   3 |  443.3 |
               +--------+--------+--------+--------+--------+-----+--------+

Top non-repeatable levels by time:
     D:1: 822 daAuts
     D:2: 479 daAuts
     D:3: 27 daAuts
